 Dungeon Crawl Stone Soup version 0.22.1-1-ga44c0e5 (webtiles) character file.

62585 Fang the Severer (level 15, -2/99 HPs)
             Began as a Gargoyle Berserker on Oct 2, 2018.
             Was a High Priest of Trog.
             Shot with a bolt by a yaktaur captain (25 damage)
             ... on level 13 of the Dungeon.
             The game lasted 00:35:13 (18302 turns).

Fang the Severer (Gargoyle Berserker)              Turns: 18302, Time: 00:35:14

Health: -2/99      AC: 27    Str: 21    XL:     15   Next: 6%
Magic:  15/15      EV: 19    Int: 11    God:    Trog [*****.]
Gold:   1240       SH:  0    Dex:  9    Spells: 14/14 levels left

rFire    . . .     SeeInvis +   R - +2 hand axe (flame)
rCold    . . .     Gourm    .   (no shield)
rNeg     + + .     Faith    .   x - +2 robe {rN+}
rPois    ∞         Spirit   .   J - +2 helmet {SInv}
rElec    +         Reflect  .   k - +2 cloak
rCorr    .         Harm     .   (no gloves)
MR       ++...                  b - +2 pair of boots
Stlth    +++++.....             o - amulet of regeneration
HPRegen  1.06/turn              C - +3 ring of slaying
MPRegen  0.14/turn              j - ring "Nifuel Uwea" {MR+ EV+3 Str-5 Stlth+}

@: berserk cooldown, flying, slowed, very slow
A: big wings, iridescent scales 1, clever 1, negative energy resistance 1,
regeneration 1, electricity resistance, unbreathing, petrification resistance,
rot immunity, AC +11
a: Stop Flying, Berserk, Trog's Hand, Brothers in Arms, Renounce Religion


You were on level 13 of the Dungeon.
You worshipped Trog.
Trog was extremely pleased with you.
You were very hungry.

You visited 4 branches of the dungeon, and saw 21 of its levels.
You also visited: Ossuary.

You collected 1240 gold pieces.

Inventory:

Hand Weapons
 f - a +8 executioner's axe of electrocution
 y - the +8 war axe "Tiqautt" {chop, +Inv Dex+6}
   (You found it on level 11 of the Dungeon)

   It inflicts extra damage upon your enemies.
   It affects your dexterity (+6).
   It lets you turn invisible.
 I - a +5 war axe of chopping
 Q - a +4 antimagic battleaxe
 R - a +2 hand axe of flaming (weapon)
Armour
 b - a +2 pair of boots (worn)
 k - a +2 cloak (worn)
 x - a +2 robe of positive energy (worn)
 J - a +2 helmet of see invisible (worn)
Jewellery
 g - an uncursed ring of positive energy
 j - the ring "Nifuel Uwea" (right hand) {MR+ EV+3 Str-5 Stlth+}
   (You found it on level 9 of the Dungeon)

   [ring of evasion]

   It affects your evasion (+3).
   It affects your strength (-5).
   It affects your resistance to hostile enchantments.
   It makes you more stealthy.
 o - an amulet of regeneration (around neck)
 C - a +3 ring of slaying (left hand)
 G - an uncursed ring of fire
 M - an uncursed ring of protection from cold
Wands
 p - a wand of digging (11)
 r - a wand of paralysis (17)
 u - a wand of iceblast (9)
 v - a wand of enslavement (13)
 B - a wand of random effects (63)
 D - a wand of disintegration (14)
 E - a wand of flame (77)
Scrolls
 h - 6 scrolls of remove curse
 l - 5 scrolls of identify
 q - 4 scrolls of magic mapping
 s - 11 scrolls of teleportation
 t - 4 scrolls of fog
 F - 3 scrolls of blinking
 L - a scroll of fear
Potions
 d - 12 potions of curing
 e - 6 potions of brilliance
 i - 4 potions of haste
 m - 4 potions of lignification
 n - 6 potions of heal wounds
 w - 2 potions of agility
 z - 3 potions of invisibility
 A - a potion of resistance
 N - 2 potions of magic
 O - a potion of ambrosia
 P - 2 potions of might
Miscellaneous
 a - a phial of floods
Comestibles
 c - 32 rations
 H - 5 chunks of flesh


   Skills:
 + Level 13.4 Fighting
 + Level 16.2 Axes
 + Level 5.2 Armour
 + Level 8.8 Dodging
 + Level 11.0 Stealth


You had 14 spell levels left.
You didn't know any spells.
Your spell library was empty.

Dungeon Overview and Level Annotations

Branches:
Dungeon (13/15)            Temple (1/1) D:7            Lair (6/6) D:10
  Swamp (0/4) Lair:3       Spider (0/4) Lair:2        Slime (1/5) Lair:6
    Orc (0/2) D:10
 Vaults: D:13-14

Altars:
Dithmenos
Elyvilon
Gozag
Makhleb
Nemelex Xobeh
Okawaru
Ru
Sif Muna
Trog
Vehumet
Xom
The Shining One
Jiyva

Shops:
D:9 [   D:10 (

Annotations:
Lair:1 1 runed door, Xegg's ghost, journeyman GrFi
Lair:5 exclusion: 2 oklob plants


Innate Abilities, Weirdness & Mutations

You are resistant to torment.
Your stone body is resilient. (AC +11)
You are immune to poison.
Your large and strong wings let you fly indefinitely.
You resist negative energy. (rN+)
You are resistant to electric shocks. (rElec)
You can survive without breathing.
You are immune to petrification.
You are immune to rotting.
You are partially covered in iridescent scales. (AC +2)
Your mind is acute. (Int +2)
Your natural rate of healing is unusually fast.


Message History

You are too injured to fight recklessly!
Unknown command.
You are too injured to fight recklessly!
You chop one of the nine-headed hydra's heads off!
The flame cauterises the wound!
You hit the eight-headed hydra. You burn the eight-headed hydra.
The eight-headed hydra is moderately wounded.
You barely miss the centaur warrior. You completely miss the worker ant.
You slash the centaur warrior zombie! You burn the centaur warrior zombie.
The worker ant barely misses you.
The eight-headed hydra barely misses you.
The eight-headed hydra misses you. The eight-headed hydra bites you!
* * * LOW HITPOINT WARNING * * *
The eight-headed hydra completely misses you.
The eight-headed hydra barely misses you.
The eight-headed hydra bites you but does no damage. x3
The centaur warrior hits you but does no damage.
The centaur warrior zombie closely misses you.
The yaktaur captain shoots a bolt.
The bolt hits you!!
You die...

## ##.## ##..##
.## #..#
#....## ..#
##.## #.##..#
..## #..#
#.##### ...##
##.## ##.##
....####..#
##(..##
.....##..##
#((...#
.....##..#
##(a.##
........##
#@).# ...######
#ZDc..# ...#
...l...c.# ...#
.............
...
...............
..
...............
.
...............
...............


You could see a yaktaur captain, an eight-headed hydra, a centaur warrior, a
basilisk, a worker ant and a centaur warrior zombie.

Vanquished Creatures
  Snorg (Lair:4)
  Josephine (D:10)
  4 hydras
  2 centaur warriors
  Erica (Lair:1)
  The ghost of Tang the Zephyrmancer, a journeyman TeAE of Vehumet (D:11)
  2 catoblepae
  An ogre mage (D:10)
  2 two-headed ogres (D:11)
  A deep troll shaman (Lair:6)
  6 death yaks
  Urug (D:10)
  Nergalle (Lair:3)
  An unseen horror (D:10)
  A lindwurm (Lair:6)
  Pikel (D:4)
  An orb spider (Lair:2)
  3 cyclopes
  A deep elf mage (D:12)
  A manticore (D:11)
  4 ugly things
  Joseph (D:7)
  8 elephants
  A torpor snail (Lair:6)
  A black mamba (Lair:5)
  9 spiny frogs
  2 gargoyles
  2 centaur skeletons
  3 komodo dragons
  3 rime drakes
  3 trolls
  2 polar bears
  11 blink frogs
  Grinder (D:5)
  19 dream sheep
  3 bog bodies (Lair:3)
  5 slime creatures (D:12)
  6 hippogriffs
  32 yaks
  8 wraiths
  2 wyverns
  3 shadows
  3 basilisks
  A vampire mosquito (D:13)
  A hungry ghost (D:9)
  Grum (D:8)
  A warg (D:10)
  3 swamp worms (Lair:3)
  12 water moccasins
  15 porcupines
  4 orc warriors
  2 sky beasts
  3 black bears (Lair:6)
  3 ice beasts
  An eye of draining (Lair:6)
  3 ogres
  5 phantoms
  16 wolves
  3 centaurs
  8 crocodiles
  9 bullfrogs
  A wyvern zombie (D:8)
  4 big kobolds (D:12)
  A water moccasin zombie (D:11)
  8 scorpions
  A wyvern skeleton (D:11)
  6 killer bees (D:7)
  5 wights (D:9)
  A howler monkey (D:4)
  An electric eel (Lair:3)
  3 centaur zombies
  7 crimson imps
  A quasit (D:9)
  A bullfrog zombie (D:8)
  A human zombie (Ossuary)
  4 orc priests
  5 bullfrog skeletons
  5 hounds
  4 jellies
  14 orc wizards
  3 iron imps (D:3)
  Ijyb (D:3)
  Terence (D:3)
  An iguana (D:6)
  12 worker ants
  2 hound zombies
  3 hound skeletons
  3 mummies (Ossuary)
  A worker ant zombie (D:5)
  Robin (D:3)
  15 adders
  A gnoll (D:1)
  2 howler monkey skeletons
  8 shadow imps
  4 oozes
  3 adder zombies (Ossuary)
  2 adder skeletons
  6 worms
  6 dart slugs
  5 leopard geckos
  27 orcs
  13 bats
  5 giant cockroaches
  9 goblins
  9 hobgoblins
  18 jackals
  15 kobolds
  2 quokkas
  2 ball pythons (D:3)
  A ball python skeleton (D:5)
  6 frilled lizards
  A gnoll zombie (Ossuary)
  2 goblin zombies (Ossuary)
  4 hobgoblin zombies (Ossuary)
  2 kobold zombies (Ossuary)
  5 quokka zombies (Ossuary)
  8 rats
  3 fungi
  6 plants
547 creatures vanquished.

Vanquished Creatures (collateral kills)
  A dire elephant (Lair:6)
  3 hydras
  2 death yaks (D:10)
  The ghost of Chronos the Magician, a novice GnSk of Ashenzari (D:8)
  A spiny frog (Lair:6)
  A rime drake (Lair:6)
  3 dream sheep (Lair:6)
  A hippogriff (Lair:6)
  A meliai zombie (D:10)
  10 yaks
  3 wargs (D:10)
  An ogre (D:10)
  2 crocodiles (Lair:6)
30 creatures vanquished.

Vanquished Creatures (others)
  A slave (D:4)
  An orc wizard (D:4)
  9 fungi
  8 plants
19 creatures vanquished.

Grand Total: 596 creatures vanquished

Notes
Turn   | Place    | Note
-------+----------+-------------------------------------------
     0 | D:1      | Fang the Gargoyle Berserker began the quest for the Orb.
     0 | D:1      | Reached XP level 1. HP: 14/14 MP: 1/1
   144 | D:1      | Reached skill level 3 in Axes
   144 | D:1      | Reached XP level 2. HP: 19/19 MP: 2/2
   298 | D:1      | Reached XP level 3. HP: 23/23 MP: 3/3
   991 | D:2      | Reached ** piety under Trog
  1175 | D:2      | Reached XP level 4. HP: 29/29 MP: 4/4
  1602 | D:2      | Found a shimmering altar of Xom.
  2054 | D:3      | Noticed Terence
  2068 | D:3      | Killed Terence
  2068 | D:3      | Reached skill level 4 in Axes
  2068 | D:3      | Reached XP level 5. HP: 16/33 MP: 5/5
  2411 | D:3      | Found a burning altar of Makhleb.
  2434 | D:3      | Reached XP level 6. HP: 39/39 MP: 6/6
  2617 | D:3      | Reached *** piety under Trog
  2617 | D:3      | Noticed Ijyb
  2644 | D:3      | Killed Ijyb
  2663 | D:3      | Noticed Robin
  2714 | D:4      | Reached skill level 5 in Axes
  2721 | D:4      | Reached XP level 7. HP: 12/44 MP: 7/7
  2901 | D:4      | Noticed Pikel
  2917 | D:4      | Killed Pikel
  2917 | D:4      | Reached skill level 5 in Fighting
  2917 | D:4      | Reached skill level 6 in Axes
  2917 | D:4      | Reached XP level 8. HP: 49/49 MP: 8/8
  2952 | D:3      | Killed Robin
  3166 | D:3      | Found a bloodstained altar of Trog.
  3167 | D:3      | Found a sacrificial altar of Ru.
  3168 | D:3      | Found a glowing golden altar of the Shining One.
  3478 | D:4      | Reached skill level 7 in Axes
  4325 | D:5      | Entered Level 5 of the Dungeon
  4336 | D:5      | Noticed Grinder
  4346 | D:5      | Paralysed by Grinder for 6 turns
  4358 | D:5      | Killed Grinder
  4358 | D:5      | Reached skill level 5 in Armour
  4358 | D:5      | Reached skill level 1 in Stealth
  4523 | D:5      | Reached **** piety under Trog
  4674 | D:5      | Found a white marble altar of Elyvilon.
  4916 | D:5      | Found an iron altar of Okawaru.
  5139 | D:6      | Reached XP level 9. HP: 30/55 MP: 9/9
  5237 | D:6      | Reached skill level 8 in Axes
  5794 | D:7      | Noticed Joseph
  5809 | D:7      | Killed Joseph
  5811 | D:7      | Received a gift from Trog
  5811 | D:7      | Reached skill level 9 in Axes
  5918 | D:7      | Found a staircase to the Ecumenical Temple.
  5968 | Temple   | Entered the Ecumenical Temple
  6567 | D:8      | Found a sand-covered staircase.
  6578 | Ossuary  | Entered an ossuary
  6816 | D:8      | Noticed Grum
  6832 | D:8      | Reached XP level 10. HP: 15/63 MP: 10/10
  6832 | D:8      | HP: 4/94 [Grum/spear (11)]
  6838 | D:8      | Killed Grum
  6838 | D:8      | Reached ***** piety under Trog
  7190 | D:8      | Reached skill level 10 in Axes
  7530 | D:8      | Reached skill level 5 in Dodging
  7680 | D:8      | Found a runed gate.
  7680 | D:8      | Found a runed gate.
  7689 | D:8      | Found a runed gate.
  7693 | D:8      | Noticed Chronos's ghost (novice GnSk)
  7779 | D:8      | Killed Chronos's ghost
  8164 | D:9      | Identified a scroll of acquirement
  8442 | D:9      | Noticed a cyclops
  8453 | D:9      | Killed a cyclops
  8453 | D:9      | Reached skill level 11 in Axes
  8463 | D:9      | Paralysed by fainting for 6 turns
  8588 | D:9      | Reached XP level 11. HP: 57/69 MP: 11/11
  8594 | D:9      | Got a wavering platinum ring
  8596 | D:9      | Identified the ring "Nifuel Uwea" {MR+ EV+3 Str-5 Stlth+}
                  | (You found it on level 9 of the Dungeon)
  8633 | D:9      | Found Gihuam's Antique Armour Shoppe.
  8805 | D:10     | Entered Level 10 of the Dungeon
  8912 | D:10     | Noticed Urug
  8920 | D:10     | Killed Urug
  9011 | D:10     | Found a staircase to the Orcish Mines.
  9034 | D:10     | Noticed Josephine
  9047 | D:10     | Killed Josephine
  9047 | D:10     | Received a gift from Trog
  9056 | D:10     | Reached skill level 12 in Axes
  9221 | D:10     | Noticed an unseen horror
  9225 | D:10     | Killed an unseen horror
  9227 | D:10     | Noticed a death yak
  9242 | D:10     | Killed a death yak
  9414 | D:10     | Noticed a death yak
  9415 | D:10     | Noticed a death yak
  9434 | D:10     | Killed a death yak
  9439 | D:10     | Found a staircase to the Lair.
  9441 | D:10     | Killed a death yak
  9797 | D:10     | You fall through a shaft!
  9829 | D:11     | Noticed a cyclops
  9846 | D:11     | Killed a cyclops
  9962 | D:11     | Reached XP level 12. HP: 65/77 MP: 12/12
 10026 | D:11     | Gained mutation: Your natural rate of healing is unusually
                  | fast. [potion of mutation]
 10026 | D:11     | Gained mutation: You are partially covered in iridescent
                  | scales. (AC +2) [potion of mutation]
 10026 | D:11     | Gained mutation: Your mind is acute. (Int +2) [potion of
                  | mutation]
 10066 | D:11     | Reached skill level 5 in Stealth
 10245 | D:11     | Reached skill level 10 in Fighting
 10299 | D:11     | Reached skill level 13 in Axes
 10320 | D:11     | Found a runed door.
 10322 | D:11     | Noticed Tang's ghost (journeyman TeAE)
 10388 | D:11     | Killed Tang's ghost
 10391 | D:11     | Got a bone war axe
 10392 | D:11     | Identified the +8 war axe "Tiqautt" {chop, +Inv Dex+6} (You
                  | found it on level 11 of the Dungeon)
 10622 | D:11     | Noticed a seven-headed hydra
 10629 | D:11     | Killed an eight-headed hydra
 11018 | D:11     | Noticed a two-headed ogre
 11027 | D:11     | Killed a two-headed ogre
 11051 | D:11     | Noticed a two-headed ogre
 11059 | D:11     | Killed a two-headed ogre
 11362 | D:10     | Found Dipuoh's Weapon Shoppe.
 11503 | D:10     | Noticed a centaur warrior
 11504 | D:10     | Noticed an ogre mage
 11509 | D:10     | Killed a centaur warrior
 11514 | D:10     | Killed an ogre mage
 11641 | Lair:1   | Entered Level 1 of the Lair of Beasts
 11678 | Lair:1   | Noticed Erica
 11685 | Lair:1   | Killed Erica
 11869 | Lair:1   | Found a runed door.
 11870 | Lair:1   | Noticed Xegg's ghost (journeyman GrFi)
 11934 | Lair:1   | Received a gift from Trog
 12476 | Lair:2   | Noticed a seven-headed hydra
 12483 | Lair:2   | Killed a seven-headed hydra
 12751 | Lair:2   | Reached skill level 14 in Axes
 12751 | Lair:2   | Reached XP level 13. HP: 84/84 MP: 13/13
 12785 | Lair:2   | Found a hole to the Spider Nest.
 13653 | Lair:3   | Noticed Nergalle
 13663 | Lair:3   | Killed Nergalle
 13702 | Lair:3   | Found a staircase to the Swamp.
 14080 | Lair:4   | Found a shadowy altar of Dithmenos.
 14080 | Lair:4   | Noticed Snorg
 14092 | Lair:4   | Killed Snorg
 14273 | Lair:4   | Received a gift from Trog
 14984 | Lair:5   | Found an opulent altar of Gozag.
 15232 | Lair:5   | Reached skill level 15 in Axes
 15298 | Lair:5   | Reached skill level 10 in Stealth
 15299 | Lair:5   | Gained mutation: Your large and strong wings let you fly
                  | indefinitely. [Gargoyle growth]
 15299 | Lair:5   | Reached XP level 14. HP: 68/91 MP: 14/14
 15651 | Lair:6   | Entered Level 6 of the Lair of Beasts
 15787 | Lair:6   | Found a labyrinth entrance.
 15787 | Lair:6   | Paralysed by fainting for 5 turns
 15795 | Lair:6   | Paralysed by fainting for 12 turns
 15822 | Lair:6   | Paralysed by fainting for 5 turns
 16069 | Lair:6   | Found a staircase to the Slime Pits.
 16069 | Lair:6   | Found a viscous altar of Jiyva.
 16159 | Lair:6   | Received a gift from Trog
 16306 | Lair:6   | Noticed a dire elephant
 16317 | Lair:6   | Killed a dire elephant
 17010 | Slime:1  | Entered Level 1 of the Pits of Slime
 17010 | Slime:1  | Noticed an azure jelly
 17289 | D:12     | Reached skill level 16 in Axes
 18196 | D:13     | Reached XP level 15. HP: 96/99 MP: 15/15
 18302 | D:13     | Shot with a bolt by a yaktaur captain

Skill      XL: |  1  2  3  4  5  6  7  8  9 10 11 12 13 14 15 |
---------------+----------------------------------------------+-----
Axes           | 3 4 5 6 7 9 11 12 14 15 16 | 16.2
Dodging        | 2 3 4 5 6 7 8 |  8.8
Fighting       | 4 5 6 7 8 9 10 11 13 | 13.4
Armour         | 3 5 |  5.2
Stealth        | 1 2 3 4 7 10 11 | 11.0

Action                   |  1- 3 |  4- 6 |  7- 9 | 10-12 | 13-15 || total
-------------------------+-------+-------+-------+-------+-------++-------
Melee: Hand axe          |    90 |   193 |   504 |   192 |     7 ||   986
       Executioner's axe |       |       |       |    89 |       ||    89
       War axe           |       |       |       |   228 |   512 ||   740
Invok: Berserk           |     1 |     4 |     7 |    12 |     8 ||    32
       Brothers in Arms  |       |       |       |     7 |     5 ||    12
 Abil: Fly               |       |       |       |       |     1 ||     1
  Use: Potion            |       |     1 |       |     1 |     1 ||     3
       Scroll            |       |       |    18 |    12 |     7 ||    37
 Stab: Distracted        |     1 |       |       |     1 |     2 ||     4
       Sleeping          |       |     1 |     2 |    18 |    26 ||    47
       Petrified         |       |       |       |       |     5 ||     5
       Petrifying        |       |       |       |       |     1 ||     1
  Eat: Chunk             |     2 |     8 |    13 |    16 |    22 ||    61
       Ration            |       |       |     2 |     6 |     1 ||     9
Armor: Animal skin       |    42 |    30 |       |       |       ||    72
       Chain mail        |       |    59 |    66 |       |       ||   125
       Skin              |       |     8 |    10 |       |       ||    18
       Robe              |       |       |   137 |   190 |   232 ||   559
Dodge: Dodged            |    78 |   126 |   261 |   353 |   489 ||  1307
